 Dungeon Crawl Stone Soup version 0.30-a0-857-gcaf70739d4 (webtiles) character file.

Game seed: 12603315412865178273

140 bande the Trooper (level 5, -2/33 HPs)
             Began as a Gargoyle Fighter on Mar 6, 2023.
             Killed by nerve-wracking pain
             ... invoked by Grinder
              (5 damage)
             ... on level 3 of the Dungeon.
             The game lasted 00:03:54 (1576 turns).

bande the Trooper (Gargoyle Fighter)                Turns: 1576, Time: 00:03:54

Health: -2/33      AC: 18    Str: 20    XL:     5   Next: 22%
Magic:  5/5        EV: 14    Int:  8    God:
Gold:   102        SH:  4    Dex: 11    Spells: 4/4 levels left

rFire   . . .      SeeInvis .    a - +1 war axe
rCold   . . .      Faith    .    c - +0 buckler
rNeg    + . .      Spirit   .    b - +0 scale mail
rPois   ∞          Reflect  .    q - +1 helmet
rElec   +          Rampage  .    r - +0 cloak
rCorr   .                        (no gloves)
Will    .....                    (no boots) Stlth
                                 (no amulet)
HPRegen 0.25/turn                h - +5 ring of evasion
MPRegen 0.09/turn                l - +4 ring of protection

@: no status effects
A: sickness immunity, AC +4, negative energy resistance 1, electricity
resistance, torment resistance 1, petrification resistance
a: no special abilities


You were on level 3 of the Dungeon.
You visited 1 branch of the dungeon, and saw 3 of its levels.

You collected 102 gold pieces.

Inventory:

Hand Weapons
 a - a +1 war axe (weapon)
Armour
 b - a +0 scale mail (worn)
 c - a +0 buckler (worn)
 q - a +1 helmet (worn)
 r - a +0 cloak (worn)
Jewellery
 h - a +5 ring of evasion (left hand)
 l - a +4 ring of protection (right hand)
Scrolls
 f - a scroll of amnesia
 k - a scroll of blinking
Potions
 d - a potion of might
 e - 2 potions of berserk rage
 g - a potion of haste {unknown}
 j - a potion of heal wounds {unknown}
 m - a potion of degeneration {unknown}


   Skills:
 + Level 3.9 Fighting
 + Level 3.7 Axes
 + Level 3.9 Armour
 + Level 3.7 Shields


You had 4 spell levels left.
You didn't know any spells.
Your spell library contained the following spells:

 Spells                   Type           Power      Damage    Failure   Level
 Petrify                  Tmut/Erth      0%         N/A       100%        4
 Irradiate                Conj/Tmut      0%         3d11      100%        5
 Sublimation of Blood     Necr           Unusable   N/A       N/A         2

Dungeon Overview and Level Annotations

Branches:
Dungeon (3/15)

Altars:
Makhleb

Annotations:
D:3 Grinder


Innate Abilities, Weirdness & Mutations

You are immune to sickness and miasma.
Your stone body is resilient. (AC +4)
You are immune to poison.
You resist negative energy. (rN+)
You are resistant to electric shocks. (rElec)
You are resistant to unholy torment.
You are immune to petrification.


Message History

A nearby plant withers and dies.
Grinder closely misses you. Grinder hits you but does no damage.
You closely miss Grinder.
Grinder is lightly wounded.
You barely miss the orc.
A nearby plant withers and dies.
The orc hits you but does no damage. Grinder gestures at you.
You suddenly lose the ability to move!
The ball python completely misses you. The ball python grabs you.
The ball python constricts you. The orc hits you but does no damage.
Grinder hits you!
You writhe in agony.
The ball python bites you but does no damage.
The ball python constricts you. The orc hits you but does no damage.
An orc comes into view. It is wielding a +0 short sword.
The orc hits you but does no damage. Grinder hits you.
You writhe in agony.
The ball python bites you but does no damage.
The ball python constricts you.
You can move again.
You escape the ball python's grasp.
The orc hits you with a +0 trident. The orc hits you but does no damage.
You block the orc's attack.
You closely miss the orc. You hit Grinder. You hit the orc.
You barely miss the orc. Grinder hits you but does no damage.
The orc hits you but does no damage.
The orc drinks a potion.
The orc is healed!
The orc closely misses you. The orc barely misses you.
The orc hits you but does no damage. x2; Grinder hits you but does no damage.
Unknown command.
You closely miss the orc. You barely miss Grinder. You hit the orc.
You hit the orc but do no damage. You block the orc's attack.
The orc hits you but does no damage. x2; Grinder hits you.
* * * LOW HITPOINT WARNING * * *
You writhe in agony.
* * * LOW HITPOINT WARNING * * *
You barely miss Grinder.
Grinder is lightly wounded.
You closely miss the orc. You completely miss the orc. You slash the orc!
You kill the orc!
The orc completely misses you. The orc closely misses you.
Grinder gestures at you. Pain shoots through your body!
You die...

.................#.#
...............##.#
>.......##..........
........†)..####....
.......†....†......
#....#..).....#... ####
#S._.#..PP..#.....
.....##5o..#..PP....#...
.......@####..PP........
......oo)......P..#.....
###.###.......PP..####.#
#. #..PPPPP.P..# .. ..
......P.PP.P.... #
#..#.............
...##............. ...
##............ ##
#...........


You could see Grinder, 3 orcs and a ball python.

Vanquished Creatures
  Natasha (D:2)
  Robin (D:2)
  3 adders
  2 worms (D:2)
  A dart slug (D:2)
  2 orcs (D:3)
  3 ball pythons
  10 bats
  6 endoplasms
  10 hobgoblins
  5 kobolds
  A quokka (D:1)
  5 frilled lizards
  12 goblins
  3 rats
65 creatures vanquished.

Vanquished Creatures (others)
  5 plants (D:3)
5 creatures vanquished.

Grand Total: 70 creatures vanquished

Notes
Turn   | Place    | Note
-------+----------+-------------------------------------------
     0 | D:1      | bande the Gargoyle Fighter began the quest for the Orb.
     0 | D:1      | Reached XP level 1. HP: 14/14 MP: 1/1
   155 | D:1      | Reached XP level 2. HP: 19/19 MP: 2/2
   627 | D:2      | Reached XP level 3. HP: 23/23 MP: 3/3
   864 | D:2      | Reached XP level 4. HP: 29/29 MP: 4/4
  1070 | D:2      | Noticed Robin
  1087 | D:2      | Killed Robin
  1189 | D:2      | Noticed Natasha
  1193 | D:2      | Killed Natasha
  1217 | D:2      | Reached XP level 5. HP: 28/33 MP: 5/5
  1539 | D:3      | Found a burning altar of Makhleb.
  1561 | D:3      | Noticed Grinder
  1570 | D:3      | Paralysed by Grinder for 3 turns
  1576 | D:3      | Killed from afar by Grinder

Illustrated notes

Levels and vault maps discovered:
D:1:      spicycebolla_arrival_clurvy, layout_basic, minmay_tetromino_s4
D:2:      layout_basic, grunt_decor_cap, minmay_misc_feat_more_columns,
          minmay_misc_feat_x, uniq_robin, uniq_natasha
D:3:      layout_rooms, good_gods_mini_temple, mainiacjoe_overflow_chevrons,
          nicolae_overflow_two_pavilions, nzn_hepliaklqana_mist_gate,
          ebering_ghost_rock_garden, grunt_ministairs_15, uniq_grinder

Skill      XL: |  1  2  3  4 |
---------------+-------------+-----
Axes           | 2 3 |  3.7
Fighting       | |  3.9
Armour         | |  3.9
Shields        | |  3.7

Action                     |  1- 3 |  4- 6 || total
---------------------------+-------+-------++-------
  Melee: War axe           |   100 |    51 ||   151
    Use: Scroll            |       |     7 ||     7
 Armour: Scale mail        |    36 |    41 ||    77
  Dodge: Dodged            |    86 |    56 ||   142
  Block: Buckler           |    26 |    17 ||    43

Table legend: (Time is in decaauts)
 A = Elapsed time spent in this place.
 B = Non-inter-level travel time spent in this place.
 C = Inter-level travel time spent in this place.
 D = Time resting spent in this place.
 E = Time spent auto-exploring this place.
 F = Levels seen in this place.
 G = Mean time per level.
                   A        B        C        D        E       F      G
               +--------+--------+--------+--------+--------+-----+--------+
         Total |   1647 |   1647 |      0 |      0 |   1176 |   3 |  549.0 |
       Dungeon |   1647 |   1647 |      0 |      0 |   1176 |   3 |  549.0 |
               +--------+--------+--------+--------+--------+-----+--------+

Top non-repeatable levels by time:
     D:2: 918 daAuts
     D:1: 645 daAuts
     D:3: 83 daAuts
